 Dungeon Crawl Stone Soup version 0.27-a0-920-gb2bd10914a (webtiles) character file.

Game seed: 1009518401065941946

700600 wakim the Slayer (level 27, -3/239 HPs)
             Began as a Minotaur Fighter on Apr 9, 2021.
             Was the Champion of Okawaru.
             Slain by a starcursed mass (9 damage)
             ... while paralysed by accursed screaming
             ... on level 3 of the Abyss.
             The game lasted 03:09:49 (58791 turns).

wakim the Slayer (Minotaur Fighter)                Turns: 58791, Time: 03:09:50

Health: -3/239     AC: 42    Str: 43      XL:     27
Magic:  32/36      EV:  2    Int:  2 (5)  God:    Okawaru [******]
Gold:   5252       SH:  0    Dex: 10      Spells: 39/46 levels left

rFire    + + .     SeeInvis +   a - +5 demon trident "Giantbane" {flame, Fragile Fly SInv}
rCold    . . .     Faith    .   l - +8 tower shield {reflect}
rNeg     + + .     Spirit   .   c - +10 plate armour "Cageo" {Harm rF++ rCorr Stlth-}
rPois    +         Reflect  +   o - +0 hat of Divine Compulsion {rPois Slay+2 Stlth-}
rElec    +         Harm     +   P - +1 cloak of Starlight {*Dazzle EV+4 Stlth--}
rCorr    +         Rampage  .   S - +1 pair of gloves of Valiance {rElec rPois rCorr Stlth-}
Will     +++..                  n - +2 pair of boots {Fly}
Stlth    ..........             e - amulet of regeneration
HPRegen  1.49/turn              p - ring of Xurhem {rPois rN+ Will+}
MPRegen  0.25/turn              f - ring "Foso Con" {rN+ AC+4 Str+7}

@: paralysed, about to teleport, flying, studying 2 skills
A: horns 2, retaliatory headbutt, claws 1, frail 1, screaming 1, strong 1
}: 4/15 runes: decaying, serpentine, silver, abyssal
a: Renounce Religion, Heroism, Finesse


You were on level 3 of the Abyss.
You worshipped Okawaru.
Okawaru was exalted by your worship.
You visited 10 branches of the dungeon, and saw 50 of its levels.
You visited the Abyss 1 time.
You also visited: Sewer, Ice Cave, Volcano and Wizlab.

You collected 9536 gold pieces.
You spent 4284 gold pieces at shops.

Inventory:

Hand Weapons
 a - the +5 demon trident "Giantbane" (weapon) {flame, Fragile Fly SInv}
   (You acquired it on level 5 of the Dungeon)

   It has been specially enchanted to burn those struck by it, causing extra
   injury to most foes and up to half again as much damage against particularly
   susceptible opponents.
   It lets you see invisible.
   It grants you flight.
   It will be destroyed if unequipped.
 i - a +9 demon trident of electrocution
Missiles
 k - 50 silver javelins (quivered)
 r - 4 throwing nets {=f!f}
 G - 28 curare-tipped darts {=f}
Armour
 c - the +10 plate armour "Cageo" (worn) {Harm rF++ rCorr Stlth-}
   (Okawaru gifted it to you on level 2 of the Swamp)

   It greatly protects you from fire.
   It protects you from acid and corrosion.
   It increases damage dealt and taken.
   It makes you less stealthy.
 g - a +0 pair of boots of rampaging
 l - a +8 tower shield of reflection (worn)
 m - +1 gold dragon scales
 n - a +2 pair of boots of flying (worn)
 o - the +0 hat of Divine Compulsion (worn) {rPois Slay+2 Stlth-}
   (Okawaru gifted it to you on level 4 of the Realm of Zot)

   It affects your accuracy and damage with ranged weapons and melee attacks
   (+2).
   It protects you from poison.
   It makes you less stealthy.
 P - the +1 cloak of Starlight (worn) {*Dazzle EV+4 Stlth--}
   (You found it in a wizard's laboratory)

   It affects your evasion (+4).
   It makes you much less stealthy.
 S - the +1 pair of gloves of Valiance (worn) {rElec rPois rCorr Stlth-}
   (You bought it in a shop on level 2 of the Vaults)

   It insulates you from electricity.
   It protects you from poison.
   It protects you from acid and corrosion.
   It makes you less stealthy.
Jewellery
 b - the ring of Pivarhul {rC+ EV+4}
   (You found it on level 2 of the Vaults)

   [ring of evasion]

   It affects your evasion (+4).
   It protects you from cold.
 d - a +4 ring of slaying
 e - an amulet of regeneration (around neck)
 f - the ring "Foso Con" (right hand) {rN+ AC+4 Str+7}
   (You took it off a deep elf death mage on level 3 of the Elven Halls)

   [ring of protection]

   It affects your AC (+4).
   It affects your strength (+7).
   It protects you from negative energy.
 j - a ring of protection from fire
 p - the ring of Xurhem (left hand) {rPois rN+ Will+}
   (You took it off a hell knight on level 4 of the Vaults)

   [ring of willpower]

   It protects you from poison.
   It protects you from negative energy.
   It increases your willpower.
 x - the ring "Rexzet Offu" {Will+ Int+5 Dex+2}
   (You acquired it on level 3 of the Snake Pit)

   [ring of willpower]

   It affects your intelligence (+5).
   It affects your dexterity (+2).
   It increases your willpower.
Wands
 t - a wand of digging (4)
 u - a wand of mindburst (20)
 v - a wand of iceblast (64)
 w - a wand of acid (13)
 y - a wand of paralysis (33)
Scrolls
 Q - 2 scrolls of immolation {!r!r}
 R - 5 scrolls of magic mapping {!r}
 T - 27 scrolls of teleportation
 U - 6 scrolls of fear
 X - 14 scrolls of fog
 Y - 2 scrolls of blinking {!r}
 Z - 2 scrolls of silence {!r}
Potions
 A - 17 potions of ambrosia
 B - 7 potions of attraction {!q}
 C - 4 potions of berserk rage {!q}
 D - 12 potions of brilliance
 E - 4 potions of cancellation
 F - 29 potions of curing
 H - 8 potions of haste
 I - 3 potions of invisibility
 J - 6 potions of heal wounds
 K - 2 potions of magic
 M - 9 potions of mutation {!q}
 N - 11 potions of might
 O - 4 potions of resistance


   Skills:
 - Level 25.0 Fighting
 - Level 22.0 Polearms
 - Level 16.0 Throwing
 - Level 20.0 Armour
 + Level 19.8 Dodging
 - Level 20.0 Shields
 * Level 10.3 Spellcasting
 + Level 8.8 Hexes
 * Level 7.3 Translocations
 + Level 9.8 Transmutations
 - Level 4.0 Ice Magic
 - Level 4.0 Air Magic
 * Level 18.6 Invocations


You had 39 spell levels left.
You knew the following spells:

 Your Spells              Type           Power      Damage    Failure   Level
a - Wereblood             Tmut           4%         N/A       3%          2
b - Blink                 Tloc           N/A        N/A       9%          2
c - Ozocubu's Armour      Ice            2%         N/A       56%         3

Your spell library contained the following spells:

 Spells                   Type           Power      Damage    Failure   Level
 Beastly Appendage        Tmut           8%         N/A       1%          1
 Corona                   Hex            4%         N/A       3%          1
 Slow                     Hex            4%         N/A       4%          2
 Apportation              Tloc           6%         N/A       6%          1
 Confusing Touch          Hex            4%         N/A       10%         3
 Tukima's Dance           Hex            4%         N/A       10%         3
 Portal Projectile        Hex/Tloc       8%         N/A       13%         3
 Sting                    Tmut/Pois      12%        1d3       16%         1
 Gell's Gravitas          Tloc           1%         N/A       17%         3
 Lesser Beckoning         Tloc           1%         N/A       17%         3
 Teleport Other           Tloc           3%         N/A       17%         3
 Freeze                   Ice            8%         1d3       24%         1
 Passwall                 Tmut/Erth      2%         N/A       24%         2
 Swiftness                Air            2%         N/A       34%         2
 Spider Form              Tmut/Pois      1%         N/A       43%         3
 Shock                    Conj/Air       4%         1d3       47%         1
 Dazzling Flash           Conj/Hex       4%         N/A       50%         3
 Passage of Golubria      Tloc           N/A        N/A       50%         4
 Hydra Form               Tmut           2%         N/A       50%         5
 Frozen Ramparts          Ice            4%         1d2       56%         3
 Ice Form                 Ice/Tmut       3%         N/A       56%         4
 Yara's Violent Unravell  Hex/Tmut       2%         3d3       56%         5
 Corpse Rot               Necr/Air       N/A        N/A       63%         2
 Poisonous Vapours        Pois/Air       2%         N/A       63%         2
 Ignite Poison            Fire/Tmut/Pois 2%         N/A       67%         3
 Animate Skeleton         Necr           2%         N/A       77%         1
 Magic Dart               Conj           4%         1d3       77%         1
 Pain                     Necr           4%         1d4       77%         1
 Sandblast                Erth           2%         2d4       77%         1
 Summon Small Mammal      Summ           4%         N/A       77%         1
 Petrify                  Tmut/Erth      3%         N/A       83%         4
 Static Discharge         Conj/Air       1%         N/A       85%         3
 Manifold Assault         Tloc           3%         N/A       85%         5
 Call Imp                 Summ           1%         N/A       88%         2
 Searing Ray              Conj           2%         3d3       88%         2
 Sublimation of Blood     Necr           0%         N/A       88%         2
 Fulminant Prism          Conj/Hex       1%         3d6       88%         4
 Mephitic Cloud           Conj/Pois/Air  1%         N/A       91%         3
 Airstrike                Air            1%         N/A       93%         4
 Metabolic Englaciation   Hex/Ice        1%         N/A       93%         5
 Silence                  Hex/Air        1%         N/A       93%         5
 Iskenderun's Mystic Bla  Conj/Tloc      2%         2d3       95%         4
 Blade Hands              Tmut           2%         N/A       97%         6
 Call Canine Familiar     Summ           1%         N/A       98%         3
 Conjure Flame            Conj/Fire      1%         6-21      98%         3
 Stone Arrow              Conj/Erth      2%         3d7       98%         3
 Vampiric Draining        Necr           0%         2d6       98%         3
 Hailstorm                Conj/Ice       1%         3d3       99%         4
 Summon Ice Beast         Ice/Summ       1%         N/A       99%         4
 Summon Lightning Spire   Summ/Air       1%         N/A       99%         4
 Alistair's Intoxication  Tmut/Pois      2%         N/A       99%         5
 Irradiate                Conj/Tmut      1%         3d14      99%         5
 Summon Mana Viper        Hex/Summ       2%         N/A       99%         5
 Invisibility             Hex            4%         N/A       99%         6
 Animate Armour           Summ/Erth      2%         N/A       100%        4
 Animate Dead             Necr           0%         N/A       100%        4
 Dispel Undead            Necr           1%         3d6       100%        4
 Olgreb's Toxic Radiance  Pois           1%         N/A       100%        4
 Agony                    Necr           1%         N/A       100%        5
 Borgnjor's Vile Clutch   Necr/Erth      0%         N/A       100%        5
 Excruciating Wounds      Necr           0%         N/A       100%        5
 Fireball                 Conj/Fire      0%         3d3       100%        5
 Lee's Rapid Deconstruct  Erth           0%         3d5*      100%        5
 Lightning Bolt           Conj/Air       0%         1d11      100%        5
 Summon Forest            Summ/Tloc      1%         N/A       100%        5
 Conjure Ball Lightning   Conj/Air       0%         3x3d6     100%        6
 Death Channel            Necr           0%         N/A       100%        6
 Dispersal                Tloc           1%         N/A       100%        6
 Eringya's Noxious Bog    Tmut/Pois      1%         N/A       100%        6
 Freezing Cloud           Conj/Ice/Air   1%         6-21      100%        6
 Iron Shot                Conj/Erth      0%         9d1       100%        6
 Shadow Creatures         Summ           N/A        N/A       100%        6
 Simulacrum               Ice/Necr       0%         N/A       100%        6
 Starburst                Conj/Fire      0%         8x6d3     100%        6
 Statue Form              Tmut/Erth      2%         N/A       100%        6
 Dragon Form              Tmut           2%         N/A       100%        7
 Ozocubu's Refrigeration  Ice            1%         4d5       100%        7
 Summon Hydra             Summ           0%         N/A       100%        7
 Ignition                 Fire           0%         3d3       100%        8
 Shatter                  Erth           0%         3d5*      100%        9
 Tornado                  Air            1%         N/A       100%        9


Dungeon Overview and Level Annotations

Branches:
Dungeon (15/15)            Temple (1/1) D:5            Lair (6/6) D:8
  Swamp (4/4) Lair:3        Snake (4/4) Lair:4        Slime (0/5) Lair:5
    Orc (2/2) D:10            Elf (3/3) Orc:2        Vaults (5/5) D:13
  Crypt (0/3) Vaults:2     Depths (5/5) D:15            Zot (5/5) Depths:5
  Sewer (visited)           IceCv (visited)         Volcano (visited)
 WizLab (visited)

Altars:
Ashenzari
Cheibriados
Dithmenos
Elyvilon
Gozag
Hepliaklqana
Kikubaaqudgha
Makhleb
Nemelex Xobeh
Okawaru
Qazlal
Ru
Sif Muna
Trog
Uskayaw
Vehumet
Wu Jian
Xom
Yredelemnul
Zin
The Shining One

Shops:
D:1 :   D:3 *   Orc:1 (!(   Orc:2 [:([?   Elf:1 [   Elf:2 !   Snake:1 :[(==:
Snake:3 :*[   Vaults:2 [

Portals:
Hell: Depths:1 Depths:2 Depths:3 Depths:4 Depths:5
Abyss: Depths:3 Depths:4
Pandemonium: Depths:1 Depths:3 Depths:5
Ziggurat: Depths:3


Innate Abilities, Weirdness & Mutations

You have a pair of horns on your head.
You reflexively headbutt those who attack you in melee.
You have sharp fingernails.
You are frail. (-10% HP)
You occasionally shout uncontrollably at your foes.
Your muscles are strong. (Str +2)


Message History

A deafening chorus of shrieks assaults your mind!
* * * LOW HITPOINT WARNING * * *
A starcursed mass splits. x2
A cacophony of accursed wailing tears at your sanity!
* * * LOW HITPOINT WARNING * * *
You suddenly lose the ability to move!
The starcursed mass touches you but does no damage.
Your hands slow down.
A cacophony of accursed wailing tears at your sanity!
* * * LOW HITPOINT WARNING * * *
The starcursed mass touches you but does no damage. x2
You can move again.
A starcursed mass splits.
As you read the scroll of teleportation, it crumbles to dust.
You feel strangely unstable.
You feel the power of the Abyss delaying your translocation!
A starcursed mass comes into view.
You block the starcursed mass's attack.
You barely miss the small abomination. You headbutt the small abomination!!
The small abomination is severely damaged.
You block the starcursed mass's attack.
You block the small abomination's attack.
You impale the small abomination!! You burn the small abomination.
You destroy the small abomination!
Okawaru accepts your kill.
A cacophony of accursed wailing tears at your sanity!
* * * LOW HITPOINT WARNING * * *
You suddenly lose the ability to move!
The starcursed mass touches you but does no damage. x2
A starcursed mass splits.
The starcursed mass touches you but does no damage.
The starcursed mass touches you.
* * * LOW HITPOINT WARNING * * *
A cacophony of accursed wailing tears at your sanity!
* * * LOW HITPOINT WARNING * * *
You feel your health improve.
A starcursed mass splits.
The starcursed mass touches you but does no damage.
The starcursed mass touches you!
You die...

. #. . ...
.....† ##
........ .
#..#...# .# #
..##†.##..# # .
......X...
.∩...XX ..
###††.#.#
####.X@X.##§
##....X.X......
......XXX......
.......X..X!#..#
.##.......#.).#
. #...........÷.
........X..#...
.#............#
##..........#


You could see 13 starcursed masses.

Vanquished Creatures
  4 dread liches (Zot:5)
  7 orbs of fire
  4 ancient liches
  2 juggernauts (Depths:4)
  Sojobo (Vaults:2)
  Bai Suzhen (Vaults:3)
  8 Killer Klowns
  5 curse toes
  Nikola (Vaults:3)
  Saint Roka (Vaults:2)
  8 golden dragons
  Jory (Vaults:2)
  4 bone dragons
  the Enchantress (Depths:4)
  2 electric golems (Zot:5)
  11 tentacled monstrosities
  Jorgrun (Orc:1)
  6 liches
  Rupert (D:13)
  Asterion (Vaults:3)
  9 titans
  3 quicksilver dragons
  2 deep elf blademasters (Elf:3)
  2 deep elf master archers (Elf:3)
  25 Orb Guardians (Zot:5)
  7 tentacled starspawn
  9 death cobs
  Frances (Snake:1)
  An eldritch tentacle (WizLab)
  4 sphinxes
  Kirke (Lair:5)
  3 tengu reavers
  Agnes (D:14)
  Donald (Snake:4)
  A thorn hunter (Swamp:2)
  12 storm dragons
  8 shadow dragons
  4 draconian monks
  4 nagarajas (Snake:4)
  5 draconian knights
  Roxanne (Snake:1)
  A fenstrider witch (Swamp:3)
  9 fire giants
  2 iron dragons (Depths:4)
  6 draconian scorchers
  2 ghost moths
  18 vault wardens
  5 draconian shifters
  5 frost giants
  6 deep elf sorcerers
  A balrug (Depths:3)
  2 ghouls
  Aizul (Snake:1)
  A cacodemon (WizLab)
  2 draconian stormcallers
  4 spriggan defenders (Depths:4)
  38 very ugly things
  The ghost of Maoxtue the Fighter, a journeyman GrFi of Okawaru (Snake:1)
  4 vampire knights
  4 war gargoyles (Vaults:5)
  4 draconian annihilators
  5 deep elf elementalists (Elf:3)
  19 ironbound preservers
  31 stone giants
  6 green draconians
  9 purple draconians
  8 deep elf demonologists (Elf:3)
  10 spark wasps
  5 grey draconians
  A bunyip (shapeshifter) (Vaults:5)
  An entropy weaver (shapeshifter) (Vaults:4)
  3 black draconians
  2 dire elephants (Vaults:1)
  6 yellow draconians
  12 deep elf annihilators
  9 white draconians
  2 bunyips (Swamp:3)
  6 red draconians
  2 blizzard demons (Depths:3)
  2 entropy weavers
  2 green deaths (Snake:1)
  6 deep elf death magi
  4 salamander tyrants
  3 crystal guardians (Vaults:4)
  5 eleionomae
  9 ettins
  2 quicksilver dragon zombies
  3 jiangshi (Depths:1)
  Josephine (D:12)
  2 shambling mangroves (Swamp:2)
  4 deep elf high priests
  10 fire dragons
  15 ice dragons
  18 yaktaur captains
  31 vault guards
  12 naga warriors
  2 peacekeepers
  5 boulder beetles
  A hell beast (Depths:3)
  12 great orbs of eyes
  5 rakshasas
  A boulder beetle (shapeshifter) (Depths:4)
  6 ironbound thunderhulks
  9 spriggan air magi
  A quicksilver dragon skeleton (Abyss:1)
  24 hydras
  9 ironbound frosthearts
  Fannar (Orc:1)
  A death knight (D:11)
  10 anacondas
  2 ogre magi
  A catoblepas (Lair:2)
  An anaconda (shapeshifter) (Vaults:4)
  11 alligators
  18 centaur warriors
  8 two-headed ogres
  2 ghost crabs
  22 dancing weapons
  A hell hog (Abyss:3)
  6 tengu warriors
  2 titan zombies
  10 deep troll shamans
  4 orc high priests (Orc:2)
  10 deep troll earth magi
  8 ironbound beastmasters
  2 thrashing horrors
  14 naga sharpshooters
  3 vampire magi
  11 shock serpents
  A storm dragon zombie (D:15)
  2 soul eaters
  9 hell knights
  2 sun demons
  Sonja (D:13)
  18 deep elf knights
  3 sixfirhies
  10 spriggan berserkers
  3 wretched stars
  3 goliath frogs
  A shadow wraith (WizLab)
  A skeletal warrior (D:11)
  11 iron trolls
  4 salamander mystics
  3 spatial maelstroms
  2 sea snakes (shapeshifter)
  3 death drakes
  7 glowing orange brains
  8 bog bodies
  2 flayed ghosts
  A swamp dragon (Swamp:2)
  33 starcursed masses
  75 deep trolls
  2 spriggan druids (Swamp:2)
  12 naga ritualists
  An orc knight (D:15)
  A tengu zombie (Vaults:3)
  10 phantasmal warriors
  18 ironbound convokers
  7 necromancers
  12 wizards
  An obsidian statue (WizLab)
  17 lindwurms
  14 deep elf archers
  36 deep elf zephyrmancers
  4 oklob plants
  23 deep elf pyromancers
  A frost giant zombie (Vaults:3)
  A stone giant zombie (D:15)
  A wolf spider (shapeshifter) (Depths:5)
  8 mana vipers
  2 shining eyes (Depths:3)
  5 cyclopes
  66 ugly things
  22 salamanders
  4 manticores
  3 orc sorcerers
  4 will-o-the-wisps
  22 moths of wrath
  4 worldbinders
  2 guardian serpents (shapeshifter)
  A sphinx skeleton (Depths:2)
  2 stone giant skeletons
  24 elephants
  5 draconians
  Joseph (D:7)
  40 black mambas
  3 ice statues (IceCv)
  25 naga magi
  3 apocalypse crabs
  A black mamba (shapeshifter) (D:9)
  2 rust devils (Depths:1)
  A smoke demon (Abyss:1)
  2 molten gargoyles (Lair:6)
  18 cane toads
  A torpor snail (Lair:5)
  12 vault sentinels
  3 guardian serpents
  Psyche (D:8)
  3 orange demons
  Maggie (D:7)
  3 unseen horrors
  A hellion (Depths:1)
  7 tengu conjurers
  11 komodo dragons
  3 swamp worm zombies (Swamp:4)
  4 efreet
  7 rime drakes
  50 yaktaurs
  A kobold demonologist (D:11)
  6 freezing wraiths
  4 hellwings
  2 guardian mummies (D:15)
  An ice devil (Depths:3)
  2 ancient zymes
  6 trolls
  A red devil (WizLab)
  An elf skeleton (Depths:2)
  7 hydra zombies (Swamp:4)
  A queen bee (Lair:1)
  A bloated husk (Swamp:4)
  2 polar bears
  A tengu simulacrum (Vaults:3)
  7 tyrant leeches
  18 slime creatures
  10 hornets
  9 blink frogs
  Prince Ribbit (D:7)
  9 raiju
  The ghost of gus3d the Chopper, an amateur OpMo of Qazlal (D:3)
  A deep troll zombie (D:15)
  A harpy skeleton (D:10)
  15 large abominations
  2 spectral swamp dragons (Swamp:4)
  A spriggan zombie (Swamp:1)
  A dream sheep (shapeshifter) (Vaults:4)
  A stone giant simulacrum (Depths:2)
  An air elemental (Elf:1)
  5 alligator zombies (Swamp:4)
  A redback (shapeshifter) (Vaults:5)
  9 wyverns
  A ynoxinul (Abyss:1)
  9 wraiths
  12 spriggans
  2 spriggan skeletons
  2 tarantellas (shapeshifter)
  A fire elemental (WizLab)
  11 water elementals
  A golden eye (Abyss:1)
  46 yaks
  10 fire bats
  5 basilisks
  A steam dragon (D:9)
  4 hogs (Lair:5)
  15 vampire mosquitoes
  The ghost of casual the Magician, an amateur DjCj (D:4)
  2 neqoxecs
  4 wargs (Vaults:2)
  76 nagas
  10 swamp worms
  A death drake simulacrum (Swamp:1)
  2 acid dragons
  6 spatial vortices
  Edmund (D:5)
  2 floating eyes
  A swamp drake (Swamp:1)
  12 small abominations
  15 water moccasins
  3 hell hounds (Lair:6)
  A spriggan simulacrum (Depths:2)
  An ice dragon simulacrum (Abyss:3)
  10 ogres
  24 orc warriors
  2 black bears
  2 sky beasts (D:7)
  2 necrophages
  3 boggarts
  6 ice beasts (IceCv)
  A human skeleton (WizLab)
  12 centaurs
  6 wolves
  10 phantoms
  6 kobold brigands
  3 earth elementals
  13 bullfrogs
  A gnoll sergeant (D:9)
  4 scorpions
  26 killer bees
  A raiju skeleton (WizLab)
  11 wights (D:8)
  2 electric eels
  5 howler monkeys
  A crimson imp (Abyss:1)
  5 quasits
  2 gnoll shamans
  12 lava snakes
  15 centaur zombies
  3 jellies (D:4)
  27 orc priests
  2 centaur skeletons
  23 orc wizards
  2 iguanas (D:4)
  Ijyb (D:3)
  A spectral swamp drake (Swamp:4)
  2 howler monkey zombies
  Robin (D:3)
  16 gnolls
  2 river rats (Sewer)
  5 swamp drake zombies (Swamp:4)
  12 adders
  A howler monkey skeleton (D:4)
  6 shadow imps
  13 white imps
  3 ufetubi
  An adder zombie (D:2)
  3 worms
  A dart slug (D:3)
  41 orcs
  12 ball pythons
  9 bats
  9 endoplasms
  A giant cockroach (D:4)
  20 goblins
  10 hobgoblins
  8 jackals
  4 quokkas
  9 frilled lizards
  7 kobolds
  11 rats
  A briar patch (Swamp:2)
  2 starspawn tentacles
2361 creatures vanquished.

Vanquished Creatures (others)
  A nagaraja (Snake:3)
  A frost giant (Depths:3)
  A ghost moth (Zot:5)
  A deep elf annihilator (Elf:3)
  A deep elf demonologist (Elf:3)
  2 deep elf knights
  4 deep elf zephyrmancers (Elf:3)
  A deep elf pyromancer (Elf:1)
  A molten gargoyle (Lair:6)
  2 naga magi (Snake:4)
  A hornet (Swamp:2)
  2 bloated husks
  A water elemental (D:15)
  A naga (Snake:2)
  2 spatial vortices (WizLab)
  A large abomination (WizLab)
  A wolf (Vaults:3)
  A phantom (Swamp:4)
  2 orc wizards (D:10)
  2 orcs (D:9)
  A briar patch (Swamp:2)
  7 demonic plants (D:2)
  18 foxfires
  34 fungi
  2 lurking horrors
  34 plants
  8 starspawn tentacles
  9 withered plants
142 creatures vanquished.

Grand Total: 2503 creatures vanquished

Notes
Turn   | Place    | Note
-------+----------+-------------------------------------------
     0 | D:1      | wakim the Minotaur Fighter began the quest for the Orb.
     0 | D:1      | Reached XP level 1. HP: 19/19 MP: 0/0
   297 | D:1      | Reached XP level 2. HP: 27/27 MP: 1/1
   463 | D:1      | Found Diul Iso's Book Shop.
   894 | D:2      | Reached XP level 3. HP: 30/33 MP: 2/2
  1112 | D:2      | Reached skill level 4 in Fighting
  1181 | D:2      | Found a faded altar of an unknown god.
  1218 | D:2      | Reached XP level 4. HP: 40/40 MP: 3/3
  1262 | D:2      | You fall into a shaft and drop 2 floors!
  1262 | D:4      | Noticed an ogre
  1263 | D:4      | Noticed a scorpion
  1343 | D:3      | Noticed Robin
  1366 | D:3      | Killed Robin
  1471 | D:3      | Found Qofisatz's Assorted Antiques.
  1481 | D:3      | Bought a sedimented orange potion for 20 gold pieces
  1481 | D:3      | Bought 2 yellow potions for 41 gold pieces
  1481 | D:3      | Bought a bubbling black potion for 20 gold pieces
  1481 | D:3      | Bought a scroll labelled FIXEOGGISKU for 23 gold pieces
  1481 | D:3      | Bought a scroll labelled FIXEOGGISKU for 23 gold pieces
  1660 | D:3      | Noticed a scorpion
  1675 | D:3      | Killed a scorpion
  1676 | D:3      | Reached skill level 5 in Armour
  1676 | D:3      | Reached XP level 5. HP: 27/47 MP: 4/4
  1798 | D:3      | Noticed Ijyb
  1807 | D:3      | Killed Ijyb
  1831 | D:3      | Reached XP level 6. HP: 53/53 MP: 5/5
  2042 | D:3      | Found a large runed translucent door.
  2043 | D:3      | Found a large runed translucent door.
  2044 | D:3      | Noticed gus3d's ghost (amateur OpMo)
  2667 | D:4      | Found a transporter.
  2687 | D:4      | Reached skill level 5 in Polearms
  2703 | D:4      | Noticed casual's ghost (amateur DjCj)
  2719 | D:4      | Found a transporter.
  2771 | D:4      | Reached skill level 5 in Fighting
  2829 | D:4      | Reached skill level 5 in Shields
  2902 | D:4      | Reached XP level 7. HP: 59/61 MP: 6/6
  3115 | D:4      | Identified the +7 mace of Due Proportion {chaos, Int+5
                  | Dex-3 SInv}
  3332 | D:4      | Killed casual's ghost
  3394 | D:5      | Entered Level 5 of the Dungeon
  3423 | D:5      | Identified a scroll of acquirement
  3423 | D:5      | Acquired the +5 demon trident "Giantbane" {flame, Fragile
                  | Fly SInv}
  3479 | D:5      | Noticed Edmund
  3487 | D:5      | Reached XP level 8. HP: 68/70 MP: 7/7
  3496 | D:5      | Killed Edmund
  3559 | D:5      | Reached skill level 6 in Fighting
  3597 | D:5      | Found a staircase to the Ecumenical Temple.
  3847 | D:6      | Found a glowing drain.
  3978 | Sewer    | Entered a sewer
  5101 | D:7      | Noticed Prince Ribbit
  5116 | D:7      | Killed Prince Ribbit
  5191 | D:7      | Noticed Joseph
  5206 | D:7      | Killed Joseph
  5207 | D:7      | Reached XP level 9. HP: 78/78 MP: 8/8
  5302 | D:7      | Reached skill level 7 in Fighting
  5361 | D:7      | Noticed Maggie
  5374 | D:7      | Killed Maggie
  5926 | D:8      | Reached skill level 1 in Dodging
  6275 | D:3      | Killed gus3d's ghost
  6410 | D:8      | Reached skill level 8 in Fighting
  6489 | D:8      | Noticed a two-headed ogre
  6496 | D:8      | Killed a two-headed ogre
  6497 | D:8      | Reached skill level 10 in Polearms
  6497 | D:8      | Reached skill level 10 in Armour
  6497 | D:8      | Reached XP level 10. HP: 69/90 MP: 9/9
  6731 | Temple   | Entered the Ecumenical Temple
  6809 | Temple   | Became a worshipper of Warmaster Okawaru
  6932 | D:8      | Noticed Psyche
  6970 | D:8      | Killed Psyche
  7089 | D:8      | Found a staircase to the Lair.
  7573 | D:3      | Bought a glowing cloak for 172 gold pieces
  7573 | D:3      | Bought a pair of embroidered gloves for 172 gold pieces
  7769 | D:9      | Reached skill level 9 in Fighting
  7773 | D:9      | Reached * piety under Okawaru
  7851 | D:9      | Reached ** piety under Okawaru
  7851 | D:9      | Noticed a tengu warrior
  7856 | D:9      | Noticed an orb spider
  7899 | D:9      | Noticed a harpy
  7910 | D:9      | a harpy changed into a polar bear
  7978 | D:8      | Killed a tengu warrior
  7978 | D:8      | Reached *** piety under Okawaru
  7979 | D:8      | Reached skill level 10 in Fighting
  8021 | D:9      | Noticed a black mamba
  8021 | D:9      | a golden eye changed into a black mamba
  8032 | D:9      | Reached XP level 11. HP: 92/99 MP: 10/10
  8157 | D:9      | Reached **** piety under Okawaru
  8164 | D:9      | Identified the +0 scale mail "Siewnuho" {Str+2}
  8190 | D:9      | Noticed a sea snake
  8205 | D:9      | Killed a sea snake
  8473 | D:9      | Noticed a boulder beetle
  8486 | D:9      | Killed a boulder beetle
  8487 | D:9      | Reached skill level 5 in Dodging
  8529 | D:9      | Reached ***** piety under Okawaru
  8714 | D:9      | Received a gift from Okawaru
  8786 | D:10     | Entered Level 10 of the Dungeon
  8812 | D:10     | Reached skill level 1 in Invocations
  8823 | D:10     | Received a gift from Okawaru
  8824 | D:10     | Reached skill level 11 in Fighting
  8824 | D:10     | Reached skill level 10 in Shields
  8831 | D:10     | Reached skill level 1 in Throwing
  8982 | D:10     | Found a staircase to the Orcish Mines.
  9076 | D:10     | Reached XP level 12. HP: 110/110 MP: 12/12
  9217 | D:10     | Found a stormy altar of Qazlal.
  9347 | D:10     | Identified the +1 leather armour of Calculation {Int+2}
  9392 | D:11     | Found a frozen archway.
  9415 | IceCv    | Entered an ice cave
  9633 | IceCv    | Identified the +7 great sword "Nijovath" {vamp, rPois rC+++
                  | Int-4 SInv}
  9639 | IceCv    | Identified the +7 ice dragon scales "Ariuw" {rF- rC++
                  | Regen+ rCorr Dex-2 Stlth+}
  9756 | D:11     | Noticed a boulder beetle
  9775 | D:11     | Killed a boulder beetle
  9805 | D:11     | Noticed a death knight
  9833 | D:11     | Killed a death knight
  9847 | D:11     | Received a gift from Okawaru
 10163 | Lair:1   | Entered Level 1 of the Lair of Beasts
 10163 | Lair:1   | Noticed a seven-headed hydra
 10169 | Lair:1   | Killed a seven-headed hydra
 10454 | Lair:1   | Noticed a five-headed hydra
 10462 | Lair:1   | Killed a five-headed hydra
 10462 | Lair:1   | Reached ****** piety under Okawaru
 10489 | Lair:1   | Noticed an eight-headed hydra
 10497 | Lair:1   | Killed an eight-headed hydra
 10498 | Lair:1   | Reached XP level 13. HP: 95/117 MP: 14/14
 11121 | Lair:2   | Received a gift from Okawaru
 11399 | Lair:2   | Reached skill level 12 in Fighting
 11845 | Lair:2   | Identified Sif Muna's Handbook of Arcane Weapons
 12162 | Lair:3   | Found a staircase to the Swamp.
 12291 | Lair:3   | Reached skill level 5 in Invocations
 12308 | Lair:3   | Received a gift from Okawaru
 12324 | Lair:3   | Reached skill level 5 in Throwing
 12534 | Lair:3   | Found a dark tunnel.
 12539 | Volcano  | Entered a volcano
 12696 | Volcano  | Noticed a red draconian
 12707 | Volcano  | Killed a red draconian
 12777 | Volcano  | Found a bloodstained altar of Trog.
 12807 | Volcano  | Found a bloodstained altar of Trog.
 12971 | Lair:3   | Reached XP level 14. HP: 127/127 MP: 17/17
 13457 | Lair:4   | Found a staircase to the Snake Pit.
 13460 | Lair:4   | Received a gift from Okawaru
 14066 | Lair:5   | Noticed Kirke
 14087 | Lair:5   | Killed Kirke
 14368 | Lair:5   | Found a staircase to the Slime Pits.
 14810 | Lair:5   | Reached skill level 13 in Fighting
 14889 | Lair:6   | Entered Level 6 of the Lair of Beasts
 15085 | Lair:6   | Received a gift from Okawaru
 15245 | Lair:6   | Received a gift from Okawaru
 15347 | Lair:6   | Reached skill level 15 in Armour
 15480 | Lair:6   | Found a large runed translucent door.
 15480 | Lair:6   | Found a large runed translucent door.
 15528 | Lair:6   | Reached XP level 15. HP: 136/136 MP: 19/19
 16041 | D:12     | Noticed Josephine
 16051 | D:12     | Killed Josephine
 16521 | D:13     | Found an iron altar of Okawaru.
 16544 | D:13     | Noticed Sonja
 16549 | D:13     | Killed Sonja
 16648 | D:13     | Noticed Rupert
 16648 | D:13     | Paralysed by Rupert for 2 turns
 16669 | D:13     | Killed Rupert
 16921 | D:13     | Received a gift from Okawaru
 16967 | D:13     | Received a gift from Okawaru
 16968 | D:13     | Found the +8 demon trident "Rift" {distort, reach+}
 16980 | D:13     | Reached skill level 14 in Fighting
 17062 | D:13     | Found a gate to the Vaults.
 17169 | D:13     | Acquired a +1 antimagic bardiche
 17482 | D:14     | Noticed Agnes
 17498 | D:14     | Killed Agnes
 18418 | D:15     | Entered Level 15 of the Dungeon
 18516 | D:15     | Reached skill level 10 in Dodging
 18524 | D:15     | Reached skill level 15 in Shields
 18550 | D:15     | Found a staircase to the Depths.
 18560 | D:15     | Received a gift from Okawaru
 19212 | Orc:1    | Entered Level 1 of the Orcish Mines
 19212 | Orc:1    | Noticed Fannar
 19222 | Orc:1    | Killed Fannar
 19387 | Orc:1    | Found Teirhodyu's Distillery.
 19388 | Orc:1    | Noticed Jorgrun
 19401 | Orc:1    | Killed Jorgrun
 19504 | Orc:1    | Found Meehecs's Weapon Shoppe.
 19608 | Orc:1    | Reached XP level 16. HP: 120/147 MP: 21/21
 19709 | Orc:1    | Found Igerr's Antique Weapon Shoppe.
 19749 | Orc:2    | Entered Level 2 of the Orcish Mines
 19750 | Orc:2    | Found Aguw's Antique Armour Emporium.
 19759 | Orc:2    | Bought a jewelled chain mail for 342 gold pieces
 19759 | Orc:2    | Identified the +4 chain mail of Wauhyth {rCorr Int+4} (You
                  | bought it in a shop on level 2 of the Orcish Mines)
 19913 | Orc:2    | Reached skill level 15 in Fighting
 20012 | Orc:2    | Found Pihaum's Book Shop.
 20012 | Orc:2    | Found Syidghyut's Weapon Shop.
 20015 | Orc:2    | Found Bydafu's Magic Scroll Boutique.
 20017 | Orc:2    | Found Ritomocu's Armour Boutique.
 20024 | Orc:2    | Bought a scroll of teleportation for 45 gold pieces
 20024 | Orc:2    | Bought a scroll of blinking for 112 gold pieces
 20024 | Orc:2    | Bought a scroll of fear for 52 gold pieces
 20026 | Orc:2    | Bought a +2 plate armour of fire resistance for 440 gold
                  | pieces
 20047 | Orc:2    | Found a staircase to the Elven Halls.
 20682 | Swamp:1  | Entered Level 1 of the Swamp
 20692 | Swamp:1  | Received a gift from Okawaru
 21030 | Swamp:1  | Acquired a manual of Dodging
 21377 | Swamp:2  | Identified the +10 plate armour "Cageo" {Harm rF++ rCorr
                  | Stlth-} (Okawaru gifted it to you on level 2 of the Swamp)
 21377 | Swamp:2  | Received a gift from Okawaru
 21528 | Swamp:2  | Noticed a thorn hunter
 21541 | Swamp:2  | Killed a thorn hunter
 22314 | Swamp:3  | Reached skill level 16 in Fighting
 22377 | Swamp:3  | Reached skill level 10 in Invocations
 22520 | Swamp:3  | Identified the +3 falchion "Dohimock" {flame, rPois Will+}
 22738 | Swamp:4  | Entered Level 4 of the Swamp
 22930 | Swamp:4  | Identified the +2 pair of gloves of Inviolability {rF+++
                  | Will- Str-4 Stlth+} (Okawaru gifted it to you on level 4 of
                  | the Swamp)
 22930 | Swamp:4  | Received a gift from Okawaru
 22961 | Swamp:4  | Reached XP level 17. HP: 158/158 MP: 23/23
 23526 | Swamp:4  | Noticed a bone dragon
 23547 | Swamp:4  | Killed a bone dragon
 23603 | Swamp:4  | Got a decaying rune of Zot
 23771 | Snake:1  | Entered Level 1 of the Snake Pit
 23900 | Snake:1  | Identified Roxanne's Volume of the Mountains
 23900 | Snake:1  | Noticed Roxanne
 23925 | Snake:1  | Killed Roxanne
 23962 | Snake:1  | Noticed Frances
 23975 | Snake:1  | Killed Frances
 23976 | Snake:1  | Reached skill level 15 in Polearms
 23981 | Snake:1  | Found a transporter.
 23981 | Snake:1  | Noticed Maoxtue's ghost (journeyman GrFi)
 24067 | Snake:1  | Found a transporter.
 24222 | Snake:1  | Found Tiwoyv's Jewellery Boutique.
 24224 | Snake:1  | Found Fivacav's Book Shoppe.
 24225 | Snake:1  | Found Odime's Jewellery Boutique.
 24710 | Snake:1  | Found Eteag's Antique Weapon Emporium.
 24739 | Snake:1  | Noticed Aizul
 24760 | Snake:1  | Killed Aizul
 24854 | Snake:1  | Found Ritosem's Book Boutique.
 24930 | Snake:1  | Bought a manual of Fighting for 1324 gold pieces
 24964 | Snake:1  | Received a gift from Okawaru
 25095 | Snake:1  | Found a runed translucent door.
 25107 | Snake:1  | Found Figorah's Armour Shop.
 25337 | Snake:1  | Reached skill level 17 in Fighting
 25382 | Snake:1  | Killed Maoxtue's ghost
 25451 | Snake:1  | Reached skill level 10 in Throwing
 25909 | Snake:2  | Acquired 522 gold pieces
 26715 | Snake:3  | Found Onoar Lisimn's Book Emporium.
 26718 | Snake:3  | Found Ossifim's General Store.
 26720 | Snake:3  | Found Oxuwe's Antique Armour Emporium.
 26726 | Snake:3  | Bought a scroll of acquirement for 780 gold pieces
 26726 | Snake:3  | Acquired the ring "Rexzet Offu" {Will+ Int+5 Dex+2}
 26734 | Snake:3  | Bought an embroidered cloak for 300 gold pieces
 26887 | Snake:3  | Reached XP level 18. HP: 166/170 MP: 25/25
 26900 | Snake:3  | Received a gift from Okawaru
 27169 | Snake:3  | Received a gift from Okawaru
 27904 | Snake:4  | Entered Level 4 of the Snake Pit
 27955 | Snake:4  | Identified the +6 halberd of Mutualism {flame, Str+3}
                  | (Okawaru gifted it to you on level 4 of the Snake Pit)
 27955 | Snake:4  | Received a gift from Okawaru
 27962 | Snake:4  | Reached skill level 18 in Fighting
 28008 | Snake:4  | Noticed Donald
 28022 | Snake:4  | Killed Donald
 28508 | Snake:4  | Identified the +4 ring mail of the Shining Light {rPois
                  | Regen+ Int-4} (Okawaru gifted it to you on level 4 of the
                  | Snake Pit)
 28508 | Snake:4  | Received a gift from Okawaru
 28737 | Snake:4  | Reached skill level 19 in Fighting
 29554 | Snake:4  | Got a serpentine rune of Zot
 29987 | Elf:1    | Entered Level 1 of the Elven Halls
 30157 | Elf:1    | Found Xuyngoqi's Armour Emporium.
 30196 | Elf:1    | Received a gift from Okawaru
 30249 | Elf:1    | Reached XP level 19. HP: 183/183 MP: 27/27
 30667 | Elf:1    | Found an ancient bone altar of Kikubaaqudgha.
 30877 | Elf:1    | Reached skill level 20 in Fighting
 31288 | Elf:2    | Found Bynge's Distillery.
 31351 | Elf:2    | Identified the +1 trident of Bile {vorpal, +Rage rPois
                  | rF+++ rC-} (Okawaru gifted it to you on level 2 of the
                  | Elven Halls)
 31351 | Elf:2    | Received a gift from Okawaru
 31479 | Elf:2    | Found a runed translucent gate.
 31479 | Elf:2    | Found a runed translucent gate.
 31479 | Elf:2    | Found a runed translucent gate.
 31575 | Elf:2    | Found a shimmering blue altar of Sif Muna.
 31980 | Elf:2    | Received a gift from Okawaru
 32290 | Elf:3    | Entered Level 3 of the Elven Halls
 32410 | Elf:3    | Reached skill level 21 in Fighting
 32411 | Elf:3    | Received a gift from Okawaru
 32441 | Elf:3    | Received a gift from Okawaru
 32511 | Elf:3    | Identified the +7 battleaxe of Reapportionment {vorpal,
                  | Will+ Str+5 Int-5}
 32570 | Elf:3    | Noticed a Brimstone Fiend
 32583 | Elf:3    | Reached XP level 20. HP: 176/198 MP: 25/28
 32760 | Elf:3    | Identified the ring "Foso Con" {rN+ AC+4 Str+7}
 32840 | Elf:3    | Identified Sif Muna's Guide on Supportive Displacement
 32844 | Elf:3    | Identified the +0 scale mail of a bailey {MP+9 Str+2 Int+4}
 32847 | Elf:3    | Identified the +3 ring mail "Zotigigh" {Drain rN++ Str+10
                  | Dex-2}
 32849 | Elf:3    | Identified the +8 mace of the Ecumenical Temple {vamp, rF+
                  | rC- rN+}
 32934 | Elf:3    | Identified the Incunabulum of Ashen Weightlessness
 33300 | Elf:3    | Received a gift from Okawaru
 33519 | Elf:3    | Identified the +5 trident "Orb Guardian's Death" {flame,
                  | *Slow +Rage rPois Stlth+}
 33910 | Vaults:1 | Entered Level 1 of the Vaults
 33947 | Vaults:1 | Received a gift from Okawaru
 33967 | Vaults:1 | Received a gift from Okawaru
 34336 | Vaults:1 | Reached skill level 22 in Fighting
 34473 | Vaults:1 | Identified the +0 chain mail "Fecoch" {rC+++ Regen+ Dex-4
                  | SInv}
 35192 | Vaults:1 | Received a gift from Okawaru
 35500 | Vaults:2 | Reached skill level 15 in Throwing
 35516 | Vaults:2 | Received a gift from Okawaru
 35563 | Vaults:2 | Noticed Saint Roka
 35602 | Vaults:2 | Reached XP level 21. HP: 160/209 MP: 29/29
 35651 | Vaults:2 | Killed Saint Roka
 35723 | Vaults:2 | Found a magical portal.
 35735 | WizLab   | Entered The Roulette of Golubria
 35735 | WizLab   | Found a transporter.
 35742 | WizLab   | Found a corrupted altar of Lugonu.
 35817 | WizLab   | Found a transporter.
 35867 | WizLab   | Found a transporter.
 35897 | WizLab   | Found the +2 cloak of the Thief {*Fog Slay-2 SInv Stlth+}
 35942 | WizLab   | Found a transporter.
 35974 | WizLab   | Found a transporter.
 36002 | WizLab   | Found a transporter.
 36077 | WizLab   | Found a transporter.
 36077 | WizLab   | Found a transporter.
 36088 | WizLab   | Found a transporter.
 36144 | WizLab   | Found a transporter.
 36145 | WizLab   | Found a corrupted altar of Lugonu.
 36174 | WizLab   | Found a transporter.
 36291 | WizLab   | Found a transporter.
 36295 | WizLab   | Found a transporter.
 36296 | WizLab   | Found the +1 cloak of Starlight {*Dazzle EV+4 Stlth--}
 36323 | WizLab   | Identified the +2 cloak of Laetuoc {Dex+3}
 36351 | WizLab   | Identified Golubria's Handbook of the Traveller
 36421 | WizLab   | Found a transporter.
 36464 | WizLab   | Found a transporter.
 36464 | WizLab   | Found a transporter.
 36491 | WizLab   | Found a transporter.
 36491 | WizLab   | Found a transporter.
 36597 | WizLab   | Found a transporter.
 36597 | WizLab   | Found a transporter.
 36742 | Vaults:2 | Found a staircase to the Crypt.
 36884 | Vaults:2 | Noticed Jory
 36924 | Vaults:2 | Killed Jory
 37062 | Vaults:2 | Identified the ring of Pivarhul {rC+ EV+4}
 37287 | Vaults:2 | Noticed Sojobo
 37314 | Vaults:2 | Killed Sojobo
 37315 | Vaults:2 | Reached skill level 23 in Fighting
 37465 | Vaults:2 | Found Tuzen's Antique Armour Shop.
 37476 | Vaults:2 | Bought a pair of crude gloves for 418 gold pieces
 37476 | Vaults:2 | Identified the +1 pair of gloves of Valiance {rElec rPois
                  | rCorr Stlth-} (You bought it in a shop on level 2 of the
                  | Vaults)
 37586 | Vaults:2 | Identified the +1 morningstar of Immorality {flame, Str+2}
 37688 | Vaults:2 | Received a gift from Okawaru
 38536 | Vaults:3 | Received a gift from Okawaru
 38842 | Vaults:3 | Noticed Bai Suzhen
 38852 | Vaults:3 | Killed Bai Suzhen
 38867 | Vaults:3 | Reached XP level 22. HP: 194/222 MP: 30/30
 38916 | Vaults:3 | Noticed Nikola
 38924 | Vaults:3 | Killed Nikola
 38924 | Vaults:3 | Received a gift from Okawaru
 38960 | Vaults:3 | Noticed Asterion
 38974 | Vaults:3 | Killed Asterion
 39099 | Vaults:3 | Reached skill level 24 in Fighting
 39376 | Vaults:3 | Received a gift from Okawaru
 39737 | Vaults:4 | Received a gift from Okawaru
 39765 | Vaults:4 | Found the +9 heavy crossbow "Sniper" {vorpal, Acc+∞ SInv}
 40010 | Vaults:4 | Received a gift from Okawaru
 40955 | Vaults:5 | Entered Level 5 of the Vaults
 41281 | Vaults:5 | Received a gift from Okawaru
 41283 | Vaults:5 | Identified the ring of Xurhem {rPois rN+ Will+}
 41309 | Vaults:4 | Reached XP level 23. HP: 196/230 MP: 29/31
 41503 | Vaults:5 | Received a gift from Okawaru
 41581 | Vaults:5 | Noticed an ancient lich
 41590 | Vaults:5 | Killed an ancient lich
 41724 | Vaults:5 | Reached skill level 15 in Dodging
 41891 | Vaults:5 | Received a gift from Okawaru
 41917 | Vaults:5 | Identified the +3 scale mail "Sulul" {+Blink rF+ rC+ Dex+2}
 41948 | Vaults:5 | Got a silver rune of Zot
 42008 | Vaults:5 | Identified the +0 pair of gloves of the Elven Halls {rPois}
                  | (Okawaru gifted it to you on level 5 of the Vaults)
 42008 | Vaults:5 | Received a gift from Okawaru
 42201 | Vaults:5 | Learned a level 2 spell: Wereblood
 42365 | Vaults:5 | Identified the +2 robe of the Stone Wall {Stlth+}
 42382 | Vaults:5 | Identified the +9 broad axe of Attainder {venom, rN+ Int+4}
 42384 | Vaults:5 | Identified the +10 falchion of the Warrior {freeze, Stlth+}
 42406 | Vaults:5 | Identified the +8 longbow "Qoaroh" {freeze, Will+ Str+4
                  | Int+3}
 42550 | Vaults:5 | Identified the +7 scale mail of Impermeability {Slay+2}
 42602 | Vaults:5 | Reached skill level 1 in Transmutations
 42714 | Vaults:5 | Reached skill level 1 in Spellcasting
 42726 | Vaults:5 | Found the +8 longbow "Zephyr" {speed, Dex+3 SInv}
 42727 | Vaults:5 | Identified the +6 triple crossbow "Gyadamecs" {flame, rElec
                  | Str+4}
 42763 | Vaults:5 | Identified the +1 arbalest "Ocwih" {elec, rPois Int+3}
 43159 | Depths:1 | Entered Level 1 of the Depths
 43436 | Depths:1 | Found a shimmering blue altar of Sif Muna.
 43510 | Depths:1 | Found a gateway to Hell.
 43737 | Depths:1 | Reached XP level 24. HP: 240/240 MP: 33/33
 43960 | Depths:1 | Found a one-way gate leading to the halls of Pandemonium.
 44192 | Depths:2 | Received a gift from Okawaru
 44830 | Depths:2 | Reached skill level 15 in Invocations
 44942 | Depths:2 | Received a gift from Okawaru
 45175 | Depths:2 | Reached skill level 25 in Fighting
 45204 | Depths:2 | Identified the +2 robe "Voysch" {Dex+8}
 45770 | Depths:3 | Found a gateway to a ziggurat.
 45788 | Depths:3 | Reached skill level 5 in Transmutations
 45790 | Depths:3 | Gained mutation: Your body sometimes deteriorates upon
                  | taking damage. [a shining eye]
 45806 | Depths:3 | Paralysed by a floating eye for 2 turns
 46097 | Depths:3 | Found a one-way gate to the infinite horrors of the Abyss.
 46565 | Depths:3 | You are sucked into a shaft and drop 2 floors!
 46565 | Depths:5 | Entered Level 5 of the Depths
 46565 | Depths:5 | Found a gate to the Realm of Zot.
 46612 | Depths:5 | Reached skill level 5 in Spellcasting
 46713 | Depths:5 | HP: 9/242 [ice dragon/blast of cold (42)]
 46737 | Depths:5 | Received a gift from Okawaru
 46945 | Depths:5 | Received a gift from Okawaru
 46958 | Depths:5 | Reached XP level 25. HP: 249/249 MP: 33/33
 47199 | Depths:5 | Received a gift from Okawaru
 47736 | Depths:5 | Acquired 693 gold pieces
 47855 | Depths:4 | Noticed a juggernaut
 47865 | Depths:4 | Killed a juggernaut
 47865 | Depths:4 | Received a gift from Okawaru
 47916 | Depths:4 | Noticed a juggernaut
 47930 | Depths:4 | Killed a juggernaut
 48254 | Depths:4 | Reached skill level 1 in Hexes
 48321 | Depths:4 | Noticed the Enchantress
 48327 | Depths:4 | Reached skill level 1 in Ice Magic
 48349 | Depths:4 | Reached skill level 1 in Air Magic
 48354 | Depths:4 | Killed the Enchantress
 48355 | Depths:4 | Reached skill level 1 in Translocations
 48758 | Depths:4 | Found a shadowy altar of Dithmenos.
 49570 | Zot:1    | Entered Level 1 of the Realm of Zot
 49649 | Zot:1    | Received a gift from Okawaru
 49681 | Zot:1    | Received a gift from Okawaru
 49701 | Zot:1    | Reached XP level 26. HP: 258/258 MP: 30/33
 49838 | Zot:1    | Received a gift from Okawaru
 49977 | Zot:1    | Received a gift from Okawaru
 50367 | Zot:2    | Received a gift from Okawaru
 50400 | Zot:2    | Received a gift from Okawaru
 50830 | Zot:2    | Noticed an orb of fire
 50848 | Zot:2    | Killed an orb of fire
 50963 | Zot:3    | Identified the +1 hunting sling of wakim's Responsibility
                  | {flame, rElec rC+ rN+ Str-4} (Okawaru gifted it to you on
                  | level 3 of the Realm of Zot)
 50963 | Zot:3    | Received a gift from Okawaru
 51046 | Zot:3    | Identified the +10 hunting sling of Owyusa Olen {freeze,
                  | Str+4}
 51332 | Zot:3    | Reached skill level 5 in Hexes
 51606 | Zot:3    | Learned a level 2 spell: Blink
 51610 | Zot:3    | Learned a level 3 spell: Ozocubu's Armour
 51674 | Zot:4    | Received a gift from Okawaru
 51890 | Zot:3    | Received a gift from Okawaru
 52126 | Zot:4    | Identified the +0 hat of Divine Compulsion {rPois Slay+2
                  | Stlth-} (Okawaru gifted it to you on level 4 of the Realm
                  | of Zot)
 52126 | Zot:4    | Received a gift from Okawaru
 52515 | Zot:4    | Reached XP level 27. HP: 234/266 MP: 34/34
 53112 | Zot:5    | Entered Level 5 of the Realm of Zot
 53114 | Zot:5    | Noticed an orb of fire
 53122 | Zot:5    | Gained mutation: Your body often deteriorates upon taking
                  | damage. [an orb of fire]
 53124 | Zot:5    | Gained mutation: You do not regenerate when monsters are
                  | visible. [an orb of fire]
 53131 | Zot:5    | Killed an orb of fire
 55329 | Zot:5    | Noticed an orb of fire
 55339 | Zot:5    | Killed an orb of fire
 55417 | Zot:5    | Reached skill level 5 in Translocations
 55552 | Zot:5    | Noticed an ancient lich
 55569 | Zot:5    | Noticed an ancient lich
 55570 | Zot:5    | Noticed an orb of fire
 55571 | Zot:5    | Noticed an orb of fire
 55573 | Zot:5    | Noticed an orb of fire
 55583 | Zot:5    | Noticed an orb of fire
 55584 | Zot:5    | Noticed a dread lich
 55588 | Zot:5    | Killed an ancient lich
 55588 | Zot:5    | Received a gift from Okawaru
 55591 | Zot:5    | Noticed a dread lich
 55600 | Zot:5    | Gained mutation: Armour fits poorly on your strangely
                  | shaped body. [an orb of fire]
 55601 | Zot:5    | Noticed a dread lich
 55720 | Zot:4    | Lost mutation: Your body often deteriorates upon taking
                  | damage. [potion of mutation]
 55720 | Zot:4    | Lost mutation: Armour fits poorly on your strangely shaped
                  | body. [potion of mutation]
 55720 | Zot:4    | Lost mutation: Your body sometimes deteriorates upon taking
                  | damage. [potion of mutation]
 55720 | Zot:4    | Gained mutation: You possess an exceptional clarity of
                  | mind. [potion of mutation]
 55720 | Zot:4    | Gained mutation: You sometimes lose the ability to read
                  | scrolls when taking damage. [potion of mutation]
 55720 | Zot:4    | Gained mutation: Your flesh is heat resistant. (rF+)
                  | [potion of mutation]
 55721 | Zot:4    | Lost mutation: Your flesh is heat resistant. (rF+) [potion
                  | of mutation]
 55721 | Zot:4    | Lost mutation: You sometimes lose the ability to read
                  | scrolls when taking damage. [potion of mutation]
 55721 | Zot:4    | Lost mutation: You possess an exceptional clarity of mind.
                  | [potion of mutation]
 55721 | Zot:4    | Gained mutation: You have sharp fingernails. [potion of
                  | mutation]
 55721 | Zot:4    | Gained mutation: You are agile. (Dex +2) [potion of
                  | mutation]
 55812 | Zot:5    | Killed an ancient lich
 55821 | Zot:5    | Killed an orb of fire
 55838 | Zot:5    | Killed an orb of fire
 55838 | Zot:5    | Received a gift from Okawaru
 55862 | Zot:5    | Killed a dread lich
 55862 | Zot:5    | Received a gift from Okawaru
 55867 | Zot:5    | Killed a dread lich
 55880 | Zot:5    | Gained mutation: You occasionally shout uncontrollably at
                  | your foes. [an orb of fire]
 55883 | Zot:5    | Killed an orb of fire
 55945 | Zot:5    | Killed an orb of fire
 56073 | Zot:5    | Killed a dread lich
 56136 | Zot:5    | Noticed a dread lich
 56169 | Zot:5    | Killed a dread lich
 56176 | Zot:5    | Received a gift from Okawaru
 56352 | Zot:5    | Received a gift from Okawaru
 57083 | Zot:4    | Lost mutation: You do not regenerate when monsters are
                  | visible. [potion of mutation]
 57083 | Zot:4    | Lost mutation: You are agile. (Dex +2) [potion of mutation]
 57083 | Zot:4    | Gained mutation: You are frail. (-10% HP) [potion of
                  | mutation]
 57083 | Zot:4    | Gained mutation: Your muscles are strong. (Str +2) [potion
                  | of mutation]
 57804 | Depths:4 | Voluntarily entered the Abyss.
 57897 | Abyss:1  | Noticed an ancient lich
 57905 | Abyss:1  | Killed an ancient lich
 58007 | Abyss:1  | Reached skill level 10 in Spellcasting
 58148 | Abyss:1  | Received a gift from Okawaru
 58503 | Abyss:3  | Paralysed by accursed screaming for 1 turns
 58774 | Abyss:3  | Got an abyssal rune of Zot
 58784 | Abyss:3  | Paralysed by accursed screaming for 2 turns
 58789 | Abyss:3  | Paralysed by accursed screaming for 2 turns
 58790 | Abyss:3  | HP: 6/239 [starcursed mass/accursed screaming (12)]
 58791 | Abyss:3  | Slain by a starcursed mass

Illustrated notes

Levels and vault maps discovered:
D:1:      dpeg_arrival_lava_temple_mockup, layout_basic, serial_shops, shop
D:2:      layout_basic, shapermc_ecumenical_altar_gd, minmay_misc_feat_chi,
          grunt_ministairs_1, lightli_corner_chamber
D:3:      layout_loops_ring, serial_shops,
          nicolae_shop_temple_entry_statues_fountains,
          ebering_ghost_disaster_area, uniq_ijyb, uniq_robin
D:4:      layout_rooms, gammafunk_ghost_stat_death, minmay_pentangle
D:5:      layout_rooms, minmay_temple_entry_statues_fountains,
          kennysheep_nondescript, uniq_edmund
D:6:      layout_layer_cave, cheibrodos_sewer_entry_bend
D:7:      layout_loops_ring, uniq_prince_ribbit1, uniq_joseph, uniq_maggie
D:8:      layout_gridville, lair_entry_dummy, uniq_psyche
D:9:      minmay_the_grid_square_5x5_4x4 [minmay_the_grid_square_5x5_detours,
          minmay_the_grid_square_5x5_broken_cross,
          minmay_the_grid_square_5x5_dogpile,
          minmay_the_grid_square_5x5_six_small,
          minmay_the_grid_square_5x5_corner,
          minmay_the_grid_square_5x5_prize_open,
          minmay_the_grid_square_5x5_prize_waves,
          minmay_the_grid_square_5x5_percent, minmay_the_grid_square_5x5_spiral,
          minmay_the_grid_square_5x5_prize_gold,
          minmay_the_grid_square_5x5_prize_snowflake,
          minmay_the_grid_square_5x5_checkered_sparse,
          minmay_the_grid_square_5x5_fat_x, minmay_the_grid_square_5x5_bridge,
          minmay_the_grid_square_5x5_three_small,
          minmay_the_grid_square_5x5_pentomino_r], layout_irregular_city
D:10:     cheibrodos_grave_circle, layout_basic, nicolae_overflow_crystal_walls,
          david_orc_4
D:11:     layout_roguey, portal_ice_cave_entry_imps
D:12:     layout_roguey, uniq_josephine
D:13:     layout_roguey, hangedman_vaults_entry_quadrant_bands, okawaru_trees_2,
          uniq_rupert, uniq_sonja
D:14:     layout_long_grid, chequers_serial_rivers_micro_c,
          serial_co_window_serial, co_window_of_opportunity_a,
          co_window_of_opportunity_a, co_window_corner_a,
          co_window_of_opportunity_a, co_window_paths_a,
          co_window_unsneaky_path_d, co_window_cross_2,
          co_window_of_opportunity_b, co_window_4corner_b, co_window_sun,
          glass_columns_a, nzn_life_drinkers, uniq_agnes
D:15:     gammafunk_depths_entry_grave, layout_cave_pools,
          minmay_misc_feat_tiny, chequers_arboretum, lemuel_freeze_loot_1
Temple:   compressed_dpeg_triangle_lava_temple
Lair:1:   layout_roguey, special_room [special_room_bee], patterned_corridor
Lair:2:   nzn_winding_woodlands_large [nzn_winding_woodlands_hourglass,
          nzn_winding_woodlands_5x15_cabin,
          nzn_winding_woodlands_5x5_checkerboard,
          nzn_winding_woodlands_center_garden,
          nzn_winding_woodlands_15x15_boxy_spiral,
          nzn_winding_woodlands_center_pierced_h,
          nzn_winding_woodlands_5x5_cross, nzn_winding_woodlands_5x15_zeroes,
          nzn_winding_woodlands_5x5_perimeter], layout_hall_layers,
          grunt_forest_small_clearings, serial_bayou_shore_b,
          infiniplex_staircase_pool_2
Lair:3:   layout_roguey, skrybe_swamp_entry_bodies, enter_volcano_4,
          chequers_serial_rivers_large_a, grunt_megastairs_4
Lair:4:   layout_gridlike, dummy_snake_entry, cheibrodos_lair_reptile_den,
          grunt_megastairs_2
Lair:5:   layout_cave_pods, slime_dummy, serial_bayou_shore_a,
          minmay_lair_oklob_chamber, uniq_kirke
Lair:6:   cheibrodos_lair_end_hotspot, layout_loops_ring
Swamp:1:  layout_basic_swamp, hangedman_swamp_ruin_hall, grunt_hermit_hut,
          infiniplex_staircase_pool
Swamp:2:  layout_basic_swamp, hangedman_swamp_ruin_wall,
          nicolae_swamp_soggy_hallways
Swamp:3:  layout_basic_swamp, hangedman_swamp_pad
Swamp:4:  swamp_pestilence, layout_basic_swamp
Snake:1:  cheibrodos_toxic_ritual, layout_chambers, gammafunk_ghost_arena,
          serial_shops, shop, shop, shop, minmay_shop_grove,
          serial_bayou_shore_b, grunt_megastairs_1, uniq_frances, uniq_aizul,
          uniq_roxanne
Snake:2:  layout_cave_pods
Snake:3:  layout_honeycomb, nicolae_large_snake_swirl, minmay_shop_star,
          serial_bayou_shore_b
Snake:4:  minmay_snake_end_coiled, layout_misc_corridors, nrook_loot_triangle,
          uniq_donald
Orc:1:    layout_diamond_mine, serial_shops,
          nicolae_shop_temple_entry_statues_fountains,
          nicolae_shop_behind_doors, shop, rock_pile, uniq_jorgrun, uniq_fannar
Orc:2:    st_orc_mages, layout_caves, serial_shops, shop, mines2_david
Elf:1:    elf_arrival_002, layout_loops_corners, basic_altar, serial_shops,
          shop, kennysheep_underground_church, grunt_megastairs_5
Elf:2:    layout_geoelf_diagonals, basic_altar, serial_shops, shop
Elf:3:    grunt_elf_hall_diamonds, layout_geoelf_octagon
Vaults:1: v_pattern_3, v_misc_25, vaults_mumra_bighexcomb,
          hangedman_vaults_unwind, ontoclasm_vaults_decontamination,
          vaults_mumra_hexcomb, v_misc_27, vaults_mumra_lcd, vaults_dpeg_ring,
          layout_vaults_omnigrid
Vaults:2: ontoclasm_vaults_ring_square, hangedman_vaults_restitches,
          vaults_dpeg_diagonal, v_misc_28, v_misc_11, v_misc_17,
          nicolae_vaults_sealed_display, nicolae_vaults_little_squares_6,
          layout_vaults_chaotic_city, dummy_crypt_entry, serial_shops,
          nicolae_shop_overgrown_old_shop, mu_enter_wizlab_1, uniq_margery,
          uniq_saint_roka, uniq_sojobo, uniq_jory
Vaults:3: nicolae_vaults_windows_and_doors_thing, hangedman_vaults_stitches,
          v_rooms_2, nicolae_vaults_circle_grid_b, v_misc_25,
          nicolae_vaults_diagonal_hallway_8, v_pattern_5,
          ontoclasm_vaults_hangar, vaults_room_fours, v_misc_1, serial_ice_h,
          vaults_room_hallway, layout_vaults_omnicross, uniq_bai_suzhen,
          uniq_asterion, uniq_nikola
Vaults:4: nicolae_vaults_network_s, v_alt_pattern_6, hangedman_vaults_hat,
          vaults_dpeg_encased_lava, grunt_vaults_swirl, v_misc_22,
          vaults_room_boxed, nicolae_vaults_network_quinsquares
          [nicolae_vaults_network_quincunx_subvault,
          nicolae_vaults_network_quincunx_subvault,
          nicolae_vaults_network_quincunx_subvault,
          nicolae_vaults_network_quincunx_subvault], ontoclasm_vaults_gateway,
          ontoclasm_vaults_shout, ontoclasm_vaults_fault, vaults_mumra_chevron,
          vaults_room_stairs_pillars, layout_vaults_omnibox
Vaults:5: serial_shops
Depths:1: layout_forbidden_donut, hell_entry, grunt_decor_cap,
          rand_demon_pan_entry_9, minmay_misc_feat_secret_circle,
          lemuel_blue_sif_altar, grunt_megastairs_3, serial_bayou_shore_b
Depths:2: kennysheep_scales, layout_long_grid, pf_coc_iceberg,
          serial_co_window_serial, co_window_paths_b, co_window_paths_b,
          co_window_corner_a, co_window_of_opportunity_a,
          co_window_of_opportunity_a, co_window_corner_b, co_window_2corner,
          co_window_broadway_a, onia_ninara_cookie
Depths:3: kennysheep_windowed_halls, layout_basic, enter_ziggurat_d,
          infiniplex_staircase_spiral, abyss_entry_small_statue_room,
          grunt_mini_vestibule, rand_demon_pan_entry_8
Depths:4: minmay_concentric_multi, layout_gridville,
          nicolae_dithmenos_shadow_blocks, hangedman_abyss_entry_splay,
          hell_entry, minmay_misc_feat_square, infiniplex_staircase_river,
          serial_bayou_shore_b, uniq_enchantress
Depths:5: grunt_zot_entry_alcove, layout_basic, pan_entry,
          grunt_hell_entry_dis_grunt, minmay_misc_feat_room
Zot:1:    kennysheep_ambush_hall, layout_misc_corridors
Zot:2:    layout_basic
Zot:3:    layout_misc_corridors
Zot:4:    ebering_greatest_show_in_zot, layout_gridville
Zot:5:    layout_misc_corridors, st_stairs_4
Abyss:3:  base: Lair:4, minivault_13, nicolae_abyss_rune_star_stuff,
          nicolae_abyss_rune_star_stuff, minivault_19

Skill      XL: |  1  2  3  4  5  6  7  8  9 10 11 12 13 14 15 16 17 18 19 20 21 22 23 24 25 26 27 |
---------------+----------------------------------------------------------------------------------+-----
Armour         | 4 5 6 7 9 10 11 12 13 15 16 17 18 19 20 | 20.0
Polearms       | 3 4 5 6 8 10 11 12 13 14 15 16 18 19 21 22 | 22.0
Fighting       | 4 5 6 8 10 11 12 13 14 16 17 19 21 22 23 24 25 | 25.0
Shields        | 4 5 6 7 9 10 11 13 14 15 16 17 18 20 | 20.0
Dodging        | 2 4 5 6 7 9 10 11 13 14 15 17 18 19 | 19.8
Invocations    | 2 3 5 6 8 10 11 12 13 14 15 16 18 | 18.6
Throwing       | 1 3 5 6 8 9 10 11 13 15 16 | 16.0
Transmutations | 2 6 8 9 |  9.8
Spellcasting   | 2 5 6 7 10 | 10.3
Hexes          | 3 5 8 |  8.8
Ice Magic      | 2 4 |  4.0
Air Magic      | 2 4 |  4.0
Translocations | 2 4 7 |  7.3

Action                   |  1- 3 |  4- 6 |  7- 9 | 10-12 | 13-15 | 16-18 | 19-21 | 22-24 | 25-27 || total
-------------------------+-------+-------+-------+-------+-------+-------+-------+-------+-------++-------
Melee: Trident           |   103 |   157 |   110 |       |       |       |       |       |       ||   370
       Headbutt          |    15 |    22 |    33 |   101 |   196 |   330 |   354 |   432 |   411 ||  1894
       Demon trident     |       |       |   168 |   663 |  1017 |  1812 |  1498 |  1425 |  1529 ||  8112
       Unarmed           |       |       |       |     1 |       |       |       |       |       ||     1
Throw: Javelin           |       |       |       |       |       |     1 |     9 |     7 |    39 ||    56
 Cast: Ozocubu's Armour  |       |       |       |       |       |       |       |       |     5 ||     5
       Blink             |       |       |       |       |       |       |       |       |     3 ||     3
Invok: Heroism           |       |       |       |     4 |     4 |    15 |    10 |    16 |    18 ||    67
       Finesse           |       |       |       |       |     2 |    11 |     6 |    12 |    14 ||    45
Evoke: Wand              |       |       |     1 |       |       |       |       |     1 |       ||     2
  Use: Scroll            |       |     8 |    10 |     8 |    10 |    11 |     2 |     4 |     9 ||    62
       Potion            |       |       |       |     2 |       |       |     1 |     4 |     4 ||    11
 Stab: Distracted        |       |       |       |       |     1 |     1 |       |       |       ||     2
       Sleeping          |       |       |       |       |       |     2 |       |       |       ||     2
       Invisible         |       |       |       |       |       |       |     1 |    11 |     7 ||    19
       Confused          |       |       |       |       |       |       |       |     1 |       ||     1
Armor: Scale mail        |    31 |    47 |       |       |       |       |       |       |       ||    78
       Chain mail        |       |    12 |   233 |   223 |    12 |       |       |       |       ||   480
       Ice dragon scales |       |       |       |    90 |   318 |   533 |   253 |       |       ||  1194
       Plate armour      |       |       |       |       |       |       |   140 |   352 |   326 ||   818
Dodge: Dodged            |    15 |    34 |    93 |   142 |   196 |   374 |   309 |   436 |   283 ||  1882
Block: Kite shield       |    41 |    82 |   232 |   135 |       |       |       |       |       ||   490
       Tower shield      |       |       |       |   475 |   911 |  1582 |  1410 |  1403 |  1213 ||  6994
       Reflection        |       |       |       |    15 |    61 |   156 |   172 |    88 |    26 ||   518

Table legend: (Time is in decaauts)
 A = Elapsed time spent in this place.
 B = Non-inter-level travel time spent in this place.
 C = Inter-level travel time spent in this place.
 D = Time resting spent in this place.
 E = Time spent auto-exploring this place.
 F = Levels seen in this place.
 G = Mean time per level.
                   A        B        C        D        E       F      G
               +--------+--------+--------+--------+--------+-----+--------+
         Total |  56735 |  49442 |   7293 |    904 |  34868 |  57 |  995.4 |
       Dungeon |  14016 |  11292 |   2724 |     90 |   8624 |  15 |  934.4 |
        Temple |     97 |     79 |     18 |      0 |      1 |   1 |   97.0 |
          Lair |   5772 |   5179 |    593 |      4 |   4015 |   6 |  962.0 |
         Swamp |   2945 |   2778 |    167 |     33 |   2079 |   4 |  736.2 |
     Snake Pit |   5885 |   5286 |    599 |    165 |   3648 |   4 | 1471.2 |
  Orcish Mines |   1592 |   1176 |    416 |      0 |    920 |   2 |  796.0 |
   Elven Halls |   3625 |   3293 |    332 |     75 |   2200 |   3 | 1208.3 |
        Vaults |   8260 |   7307 |    953 |    215 |   4878 |   5 | 1652.0 |
        Depths |   6578 |   5623 |    955 |      2 |   4131 |   5 | 1315.6 |
           Zot |   5264 |   4731 |    533 |    282 |   3082 |   5 | 1052.8 |
         Abyss |    893 |    893 |      0 |      0 |    417 |   3 |  297.7 |
         Sewer |    282 |    282 |      0 |      0 |    159 |   1 |  282.0 |
      Ice Cave |    268 |    268 |      0 |     36 |     78 |   1 |  268.0 |
       Volcano |    277 |    277 |      0 |      2 |    152 |   1 |  277.0 |
        Wizlab |    974 |    974 |      0 |      0 |    484 |   1 |  974.0 |
               +--------+--------+--------+--------+--------+-----+--------+

Top non-repeatable levels by time:
 Snake:1: 1960 daAuts
Vaults:2: 1749 daAuts
Vaults:4: 1739 daAuts
Vaults:1: 1701 daAuts
 Snake:4: 1621 daAuts
Vaults:3: 1594 daAuts
Depths:2: 1587 daAuts
   Zot:4: 1565 daAuts
Depths:3: 1524 daAuts
Vaults:5: 1475 daAuts
     D:8: 1467 daAuts
   Elf:1: 1445 daAuts
   Zot:5: 1338 daAuts
Depths:5: 1332 daAuts
  Lair:2: 1295 daAuts
